 Dungeon Crawl Stone Soup version 0.20-a0-1126-g0f15420 (webtiles) character file.

3026 mopl the Reanimator (level 9, -1/63 HPs)
             Began as a Demonspawn Necromancer on May 17, 2017.
             Was a Follower of Dithmenos.
             Slain by a two-headed ogre
             ... wielding a +0 giant club
              (30 damage)
             ... on level 8 of the Dungeon.
             The game lasted 00:20:36 (6431 turns).

mopl the Reanimator (Demonspawn Necromancer)        Turns: 6431, Time: 00:20:36

Health: -1/63      AC:  4    Str: 15    XL:     9   Next: 55%
Magic:  5/18       EV: 18    Int: 18    God:    Dithmenos [*.....]
Gold:   373        SH:  0    Dex: 21    Spells: 12/20 levels left

rFire    . . .     SeeInvis .   a - +2 dagger (pain)
rCold    . . .     Gourm    .   (no shield)
rNeg     . . .     Faith    .   A - +1 robe
rPois    .         Spirit   .   (no helmet)
rElec    .         Reflect  .   (no cloak)
rCorr    +         Harm     .   p - +0 pair of gloves
MR       .....                  (no boots)
Stlth    ++++......             f - amulet of regeneration
Regen    0.6/turn               D - ring of resist corrosion
MPRegen  0.2/turn               G - +2 ring of dexterity

@: mighty, agile, wreathed by umbra
A: talons 2, powered by pain 1
a: Renounce Religion


You were on level 8 of the Dungeon.
You worshipped Dithmenos.
Dithmenos was aware of your devotion.
You were not hungry.

You visited 1 branch of the dungeon, and saw 8 of its levels.

You collected 373 gold pieces.

Inventory:

Hand Weapons
 a - a +2 dagger of pain (weapon)
 I - a +0 quarterstaff
 K - a +2 long sword of freezing
 M - a +0 rapier
Missiles
 r - 7 needles of paralysis
 z - 28 poisoned needles
 S - 4 poisoned tomahawks (quivered)
Armour
 p - a +0 pair of gloves (worn)
 v - a +0 shield
 A - a +1 robe (worn)
Jewellery
 f - an amulet of regeneration (around neck)
 g - a +4 amulet of reflection
 i - an uncursed amulet of guardian spirit
 y - an uncursed amulet of rage
 D - a ring of resist corrosion (left hand)
 G - a +2 ring of dexterity (right hand)
Wands
 d - a wand of enslavement (16/24)
 q - a wand of disintegration (13/24)
 F - a wand of polymorph (13/24)
 H - a wand of confusion (17/48)
Scrolls
 e - 4 scrolls of teleportation
 j - a scroll of amnesia
 k - a scroll of enchant armour
 l - 2 scrolls of recharging {unknown}
 u - 2 scrolls of fear {unknown}
 B - 2 scrolls of random uselessness {unknown}
 E - a scroll of magic mapping {unknown}
 J - a scroll of blinking {unknown}
 N - a scroll of immolation {unknown}
 O - 3 scrolls of vulnerability {unknown}
Potions
 n - 2 potions of haste
 o - 3 potions of curing
 s - 3 potions of agility
 t - 3 potions of flight
 x - a potion of mutation {!q}
 C - a potion of cancellation
 L - a potion of brilliance
 P - a potion of might {unknown}
 Q - 3 potions of degeneration {unknown}
Books
 b - a book of Necromancy

   Spells                             Type                      Level
   a - Pain                           Necromancy                   1
   b - Animate Skeleton               Necromancy                   1
   c - Vampiric Draining              Necromancy                   3
   d - Regeneration                   Charms/Necromancy            3
   e - Animate Dead                   Necromancy                   4
   f - Control Undead                 Necromancy                   4
 T - a book of Misfortune

   Spells                             Type                      Level
   a - Confusing Touch                Hexes                        1
   b - Confuse                        Hexes                        3
   c - Gell's Gravitas                Translocation                3
   d - Petrify                        Transmutation/Earth          4
   e - Metabolic Englaciation         Hexes/Ice                    5
   f - Yara's Violent Unravelling     Hexes/Transmutation          5
Comestibles
 c - 8 bread rations
 h - 3 fruits
 m - 7 royal jellies
 w - 4 meat rations
 R - 11 chunks of flesh


   Skills:
 + Level 3.1 Fighting
 + Level 2.7 Short Blades
 - Level 1.7 Dodging
 + Level 3.8 Stealth
 - Level 6.1 Spellcasting
 * Level 11.4 Necromancy
 + Level 2.9 Invocations


You had 12 spell levels left.
You knew the following spells:

 Your Spells              Type           Power        Failure   Level  Hunger
a - Pain                  Necr           ####         1%          1    None
b - Vampiric Draining     Necr           #####.....   1%          3    ##.....
r - Regeneration          Chrm/Necr      ####......   3%          3    ##.....
x - Animate Skeleton      Necr           N/A          1%          1    None


Dungeon Overview and Level Annotations

Branches:
Dungeon (8/15)             Temple (0/1) D:7
   Lair: D:8-11

Altars:
Dithmenos
Elyvilon
Fedhas
Nemelex Xobeh
Okawaru
Qazlal
Ru
Uskayaw
Vehumet
Wu Jian
Xom
Yredelemnul
The Shining One

Shops:
D:8 =%

Annotations:
D:7 bb, 4thArraOfDagon's ghost, amateur TrTm


Innate Abilities, Weirdness & Mutations

You have razor-sharp toenails.
You sometimes gain a little power by taking damage.


Message History

Unknown command.
Casting: Pain
Confirm with . or Enter, or press ? or * to list all spells.
Aiming: Vampiric Draining
Press: ? - help, Shift-Dir - straight line, f/p - two-headed ogre
Aim: a two-headed ogre, wielding a giant club and a dire flail (moderately wounded, umbra)
The two-headed ogre is heavily wounded.
You feel life coursing into your body.
The two-headed ogre completely misses you.
The two-headed ogre misses you.
Your adder skeleton bites the two-headed ogre but does no damage.
Casting: Vampiric Draining
Confirm with . or Enter, or press ? or * to list all spells.
Aiming: Vampiric Draining
Press: ? - help, Shift-Dir - straight line, f/p - two-headed ogre
Aim: a two-headed ogre, wielding a giant club and a dire flail (heavily wounded, umbra)
The two-headed ogre is severely wounded.
You feel life coursing into your body.
The two-headed ogre hits you with a giant club!!
You die...

#.... #####...# #.......# #.#.#
#.......# #.......# #.#.#
#.......# #.......# #....
#.......# #.......# #.#.#
#.......###.$$$...# #.#...#
#######...........$∩$.... #.#.#..
#..........[.####Z$$$...# #.#.#.#
#..............Z@O)...# #.#.#.#
#.............#######.# #.#.#.#
#.............# #.#.#.#
#)............# #.#.#.#
#......####.#.#############.#.#.#
#........$.............Z.......>.
#.>..................######.#.#.#
#.#....######.######.## #.#.#.#
#...#### #.# #..# #.#.#.#


You could see a two-headed ogre, a friendly adder skeleton and a friendly orc
warrior skeleton.

Vanquished Creatures
  Pikel (D:6)
  A hippogriff (D:8)
  Duvessa (D:6)
  An ice beast (D:6)
  An orc warrior (D:8)
  2 sky beasts
  3 slaves (D:6)
  A phantom (D:7)
  4 ogres
  3 centaurs
  2 bullfrogs (D:7)
  Dowan (D:6)
  3 scorpions
  A howler monkey (D:7)
  2 crimson imps
  A centaur zombie (D:8)
  A jelly (D:8)
  A bullfrog skeleton (D:5)
  3 hounds
  An orc priest (D:8)
  Ijyb (D:5)
  2 iguanas (D:5)
  5 worker ants
  2 hound skeletons
  8 adders
  A shadow imp (D:6)
  A worm (D:4)
  3 leopard geckos
  6 orcs
  A ball python (D:2)
  9 giant cockroaches
  8 goblins
  6 hobgoblins
  16 jackals
  4 quokkas
  12 bats
  4 frilled lizards
  A jackal skeleton (D:7)
  6 kobolds
  7 rats
137 creatures vanquished.

Vanquished Creatures (collateral kills)
  Menkaure (D:7)
  A bullfrog (D:3)
  A centaur zombie (D:8)
  A worker ant zombie (D:5)
  A worm (D:4)
  A dart slug (D:1)
  A leopard gecko (D:8)
  A giant cockroach (D:1)
  A jackal (D:1)
  A bat (D:2)
  2 rats (D:3)
12 creatures vanquished.

Grand Total: 149 creatures vanquished

Notes
Turn   | Place    | Note
-------+----------+-------------------------------------------
     0 | D:1      | mopl the Demonspawn Necromancer began the quest for the Orb.
     0 | D:1      | Reached XP level 1. HP: 13/13 MP: 3/3
    16 | D:1      | Learned a level 1 spell: Animate Skeleton
   320 | D:1      | Gained mutation: You have sharp toenails. [demonic ancestry]
   320 | D:1      | Reached XP level 2. HP: 19/19 MP: 1/5
   705 | D:1      | Reached XP level 3. HP: 17/24 MP: 1/7
   833 | D:1      | Reached skill level 5 in Necromancy
   898 | D:2      | Learned a level 3 spell: Vampiric Draining
  1369 | D:2      | Reached skill level 3 in Spellcasting
  1475 | D:3      | Reached XP level 4. HP: 30/30 MP: 5/8
  1480 | D:3      | Learned a level 3 spell: Regeneration
  1502 | D:3      | Noticed a bullfrog
  1508 | D:3      | Killed a bullfrog
  1509 | D:3      | Reached skill level 6 in Necromancy
  1558 | D:3      | Found a sparkling altar of Nemelex Xobeh.
  1561 | D:3      | Found a shimmering altar of Xom.
  1564 | D:3      | Found a sacrificial altar of Ru.
  1750 | D:3      | Reached XP level 5. HP: 28/35 MP: 0/10
  2690 | D:4      | Found a stormy altar of Qazlal.
  2697 | D:4      | Found a shadowy altar of Dithmenos.
  2698 | D:4      | Found a radiant altar of Vehumet.
  2698 | D:4      | Found an ornate altar of the Wu Jian Council.
  2698 | D:4      | Found an iron altar of Okawaru.
  2699 | D:4      | Found a basalt altar of Yredelemnul.
  2702 | D:4      | Found a hide-covered altar of Uskayaw.
  2703 | D:4      | Found a white marble altar of Elyvilon.
  2704 | D:4      | Found a glowing golden altar of the Shining One.
  2796 | D:4      | Found a white marble altar of Elyvilon.
  3038 | D:5      | Entered Level 5 of the Dungeon
  3063 | D:5      | Noticed a sky beast
  3080 | D:5      | Killed a sky beast
  3080 | D:5      | Reached skill level 4 in Spellcasting
  3080 | D:5      | Reached skill level 7 in Necromancy
  3080 | D:5      | Reached XP level 6. HP: 38/41 MP: 3/12
  3276 | D:5      | Gained mutation: You sometimes gain a little power by taking damage. [demonic ancestry]
  3276 | D:5      | Reached XP level 7. HP: 20/46 MP: 2/13
  3532 | D:5      | Reached skill level 8 in Necromancy
  3535 | D:5      | Noticed Ijyb
  3543 | D:5      | Killed Ijyb
  4168 | D:6      | Noticed Menkaure
  4188 | D:7      | Reached skill level 5 in Spellcasting
  4220 | D:7      | Killed Menkaure
  4220 | D:7      | Reached skill level 9 in Necromancy
  4350 | D:6      | Reached XP level 8. HP: 31/52 MP: 8/16
  4392 | D:6      | Noticed Dowan
  4422 | D:6      | Noticed Duvessa
  4436 | D:6      | Killed Duvessa
  4535 | D:6      | Killed Dowan
  4595 | D:6      | Reached skill level 10 in Necromancy
  4817 | D:6      | Noticed Pikel
  4922 | D:6      | Killed Pikel
  4922 | D:6      | Reached skill level 1 in Fighting
  4922 | D:6      | Reached skill level 1 in Short Blades
  4922 | D:6      | Reached skill level 2 in Stealth
  4922 | D:6      | Reached skill level 6 in Spellcasting
  5214 | D:4      | Became a worshipper of Dithmenos the Shadowed
  5340 | D:8      | Noticed a hippogriff
  5349 | D:8      | Killed a hippogriff
  5349 | D:8      | Reached skill level 2 in Fighting
  5349 | D:8      | Reached skill level 1 in Invocations
  5349 | D:8      | Gained mutation: You have razor-sharp toenails. [demonic ancestry]
  5349 | D:8      | Reached XP level 9. HP: 31/61 MP: 5/18
  5466 | D:7      | Found a staircase to the Ecumenical Temple.
  5539 | D:7      | Reached skill level 3 in Stealth
  5564 | D:7      | Reached skill level 2 in Short Blades
  5625 | D:7      | Reached skill level 2 in Invocations
  5635 | D:7      | Found an iron altar of Okawaru.
  5742 | D:7      | Reached skill level 11 in Necromancy
  5889 | D:7      | Noticed 4thArraOfDagon's ghost (amateur TrTm)
  5919 | D:7      | Noticed a two-headed ogre
  6174 | D:8      | Found a blossoming altar of Fedhas.
  6303 | D:8      | Reached skill level 3 in Fighting
  6377 | D:8      | Found Xoigg's Jewellery Boutique.
  6405 | D:8      | Reached * piety under Dithmenos
  6414 | D:8      | Found Evafudd's Food Shop.
  6419 | D:8      | Noticed a two-headed ogre
  6431 | D:8      | Slain by a two-headed ogre

Vault maps used:
D:1:      lightli_arrival_noodles
D:3:      grunt_temple_overflow_diamond
D:4:      minitemple, elyvilon_altar_5
D:5:      first_bread, minmay_holes, uniq_ijyb
D:6:      uniq_pikel, uniq_duvessa, uniq_menkaure
D:7:      minmay_temple_entry_glass, kennysheep_okawaru_gauntlet
D:8:      tgw_fedhas, serial_shops, shop, nicolae_shop_stone,
          nicolae_shop_temple_entry_statues_fountains, shop_coins

Skill      XL: |  1  2  3  4  5  6  7  8  9 |
---------------+----------------------------+-----
Necromancy     | 5 6 7 9 10 11 | 11.4
Spellcasting   | 3 4 5 6 |  6.1
Fighting       | 2 3 |  3.1
Short Blades   | 1 2 |  2.7
Stealth        | 2 3 |  3.8
Invocations    | 1 2 |  2.9
Dodging        | |  1.7

Action                   |  1- 3 |  4- 6 |  7- 9 || total
-------------------------+-------+-------+-------++-------
Melee: Unarmed           |     8 |       |       ||     8
       Dagger            |    58 |    17 |   132 ||   207
       Kick              |    10 |     5 |    48 ||    63
       Long sword        |       |    17 |    55 ||    72
       Quarterstaff      |       |       |    23 ||    23
 Cast: Pain              |    64 |    64 |    71 ||   199
       Animate Skeleton  |     9 |    11 |    19 ||    39
       Regeneration      |       |     2 |    10 ||    12
       Vampiric Draining |       |     1 |    39 ||    40
  Use: Scroll            |     1 |     9 |     2 ||    12
 Stab: Sleeping          |     3 |     3 |     2 ||     8
  Eat: Chunk             |     2 |     6 |    13 ||    21
Armor: Robe              |    21 |     6 |    58 ||    85
Dodge: Dodged            |    83 |    34 |   157 ||   274
       Rpst.: Long sword |       |     5 |    14 ||    19
